 Dungeon Crawl Stone Soup version 0.26-a0-652-gafc20e3620 (webtiles) character file.

Game seed: 13644311387338491128

26936 Flugkiller the Grappler (level 13, 0/137 HPs)
             Began as an Ogre Transmuter on Oct 1, 2020.
             Was a High Priest of Makhleb.
             Slain by an orc warrior
             ... wielding a +1 glaive of freezing
              (10 damage)
             ... on level 2 of the Orcish Mines.
             The game lasted 00:38:01 (7218 turns).

Flugkiller the Grappler (Ogre Transmuter)           Turns: 7218, Time: 00:38:01

Health: 0/137      AC:  5    Str: 23    XL:     13   Next: 29%
Magic:  0/20       EV: 13    Int: 18    God:    Makhleb [*****.]
Gold:   969        SH:  0    Dex:  9    Spells: 4/22 levels left

rFire    . . .     SeeInvis .     - Unarmed
rCold    . . .     Faith    .   (shield currently unavailable)
rNeg     . . .     Spirit   +   G - +2 robe {MR+}
rPois    .         Reflect  .   (helmet restricted)
rElec    .         Harm     .   (no cloak)
rCorr    .         Rampage  .   (gloves unavailable)
MR       +++..                  (boots unavailable)
Stlth    +.........             d - amulet of guardian spirit
HPRegen  0.32/turn              j - ring of protection from magic
MPRegen  0.17/turn              B - +6 ring of strength

@: blade hands (expiring)
A: large, unfitting armour, tough skin 1
a: End Transformation, Minor Destruction, Lesser Servant of Makhleb, Major
Destruction, Greater Servant of Makhleb, Renounce Religion


You were on level 2 of the Orcish Mines.
You worshipped Makhleb.
Makhleb was extremely pleased with you.
You had blades for hands.
You visited 3 branches of the dungeon, and saw 15 of its levels.

You collected 969 gold pieces.

Inventory:

Hand Weapons
 i - a +0 giant spiked club
   (You took it off an ogre on level 4 of the Dungeon)
 C - a +5 double sword of electrocution
   (You took it off Urug on level 10 of the Dungeon)
Missiles
 f - 161 arrows
 m - 4 throwing nets (quivered)
Armour
 w - a +2 robe of cold resistance
   (You took it off an orc wizard on level 7 of the Dungeon)
 G - a +2 robe of magic resistance (worn)
   (You took it off an orc on level 1 of the Orcish Mines)
 H - a +0 troll leather armour
   (You found it on level 2 of the Orcish Mines)
Magical Staves
 n - an uncursed staff of conjuration
   (You found it on level 6 of the Dungeon)
 u - an uncursed staff of fire
   (You found it on level 8 of the Dungeon)
Jewellery
 d - an amulet of guardian spirit (around neck)
   (You found it on level 3 of the Dungeon)
 j - a ring of protection from magic (left scythe-like blade)
   (You found it on level 5 of the Dungeon)
 B - a +6 ring of strength (right scythe-like blade)
   (You found it on level 10 of the Dungeon)
Wands
 a - a wand of flame (17)
   (You found it on level 10 of the Dungeon)
 s - a wand of polymorph (7)
   (You found it on level 12 of the Dungeon)
 A - a wand of enslavement (11)
   (You found it on level 9 of the Dungeon)
 D - a wand of digging (3)
   (You found it on level 12 of the Dungeon)
Scrolls
 b - a scroll of fog
 e - 3 scrolls of amnesia
 g - 3 scrolls of magic mapping
 k - 4 scrolls of remove curse
 l - 2 scrolls of immolation
 v - 2 scrolls of holy word
 y - 3 scrolls of teleportation
 E - a scroll of enchant armour
 F - a scroll of identify
Potions
 c - 2 potions of magic
 h - 5 potions of curing
 o - a potion of heal wounds
 p - a potion of haste
 q - a potion of brilliance {unknown}
 r - a potion of berserk rage {unknown}
 t - a potion of degeneration
 x - a potion of lignification {unknown}
 z - a potion of stabbing


   Skills:
 + Level 11.6 Fighting
 + Level 8.3 Dodging
 * Level 11.7 Unarmed Combat
 - Level 5.1 Spellcasting
 - Level 9.0 Transmutations
 - Level 6.0 Ice Magic
 - Level 1.0 Poison Magic
 - Level 6.0 Invocations


You had 4 spell levels left.
You knew the following spells:

 Your Spells              Type           Power        Failure   Level
a - Beastly Appendage     Tmut           #####.       10%         1
b - Wereblood             Tmut           #####...     12%         2
c - Spider Form           Tmut/Pois      ###.......   32%         3
d - Ice Form              Ice/Tmut       ####....     36%         4
e - Frozen Ramparts       Ice            ####..       26%         3
f - Blade Hands           Tmut           #####.....   43%         5

Your spell library contained the following spells:

 Spells                   Type           Power        Failure   Level
 Freeze                   Ice            ####         16%         1
 Ozocubu's Armour         Ice            ####....     26%         3
 Ensorcelled Hibernation  Hex/Ice        ###...       36%         2
 Animate Skeleton         Necr           #.....       52%         1
 Corona                   Hex            #......      52%         1
 Magic Dart               Conj           #...         52%         1
 Pain                     Necr           #...         52%         1
 Searing Ray              Conj           #.....       63%         2
 Confusing Touch          Hex            #.......     78%         3
 Dazzling Flash           Conj/Hex       #.....       78%         3
 Tukima's Dance           Hex            #.......     78%         3
 Vampiric Draining        Necr           #.........   78%         3
 Hailstorm                Conj/Ice       ###.....     78%         4
 Summon Ice Beast         Ice/Summ       ###.....     78%         4
 Animate Dead             Necr           #.........   98%         4
 Fulminant Prism          Conj/Hex       #.........   98%         4
 Iskenderun's Mystic Bla  Conj/Tloc      #.......     98%         4
 Agony                    Necr           #.......     100%        5


Dungeon Overview and Level Annotations

Branches:
Dungeon (12/15)            Temple (1/1) D:5            Lair (0/6) D:10
    Orc (2/2) D:12
    Elf: Orc:2

Altars:
Ashenzari
Dithmenos
Elyvilon
Fedhas
Gozag
Hepliaklqana
Kikubaaqudgha
Makhleb
Nemelex Xobeh
Okawaru
Qazlal
Ru
Sif Muna
Trog
Uskayaw
Vehumet
Wu Jian
Xom
Yredelemnul
Zin
The Shining One

Shops:
D:6 (   Orc:2 :

Portals:
Abyss: D:9

Annotations:
D:8 1 runed translucent door
D:9 2 transporters, YoungGLord's ghost, novice GrEE
Orc:1 2 runed translucent doors, Lavandula's ghost, journeyman HuVM


Innate Abilities, Weirdness & Mutations

You are too large for most types of armour.
You have tough skin. (AC +1)


Message History

An orc warrior comes into view. It is wielding a +0 halberd.
Unknown command.
You slice the orc high priest!!
You kill the orc high priest!
Makhleb accepts your kill.
The ynoxinul disappears in a puff of smoke!
The ufetubus disappears in a puff of smoke! x2
Unknown command.
The orc warrior barely misses you. The orc warrior closely misses you.
The orc warrior hits you from afar with a +1 glaive of freezing!
* * * LOW HITPOINT WARNING * * *
The orc warrior freezes you.
* * * LOW HITPOINT WARNING * * *
Items here: ))))) [[[[[ †††.
You hit the orc warrior but do no damage.
Unknown command.
You slash the orc warrior!
The orc warrior is heavily wounded.
The orc warrior hits you with a +0 halberd!
* * * LOW HITPOINT WARNING * * *
The orc warrior closely misses you.
You slash the orc warrior!
The orc warrior is almost dead.
The orc warrior hits you with a +0 halberd!
* * * LOW HITPOINT WARNING * * *
You barely miss the orc warrior.
The orc warrior is almost dead.
The orc warrior misses you.
Unknown command.
You hit the orc warrior.
You kill the orc warrior!
Makhleb accepts your kill.
The orc warrior hits you from afar with a +1 glaive of freezing!
* * * LOW HITPOINT WARNING * * *
The orc warrior freezes you.
* * * LOW HITPOINT WARNING * * *
You feel much better.
Evoke which item? (* to show all) (? for menu, Esc to quit)
Okay, then.
Your transformation is almost over.
The orc warrior hits you with a +1 glaive of freezing!
* * * LOW HITPOINT WARNING * * *
The orc warrior freezes you.
* * * LOW HITPOINT WARNING * * *
Items here: ))) [[[ ††.
You slice the orc warrior!!
The orc warrior is severely wounded.
The orc warrior hits you with a +1 glaive of freezing!
You die...

## #.# #.##
#.## ##.##
##.## ##.##
##)## ##@##
#.o.## ##....#
. #...)##....
#...........
##..........
............
#..$..........
#...........$..


You could see an orc warrior.

Vanquished Creatures
  Harold (D:8)
  An ogre mage (Orc:1)
  8 two-headed ogres
  2 orc high priests (Orc:2)
  A skeletal warrior (D:11)
  Pikel (D:4)
  2 ugly things (D:11)
  2 orc sorcerers (Orc:2)
  2 cyclopes
  2 guardian serpents (D:9)
  2 gargoyles
  Joseph (D:8)
  2 centaur skeletons
  Psyche (D:8)
  2 trolls (Orc:2)
  A hornet (D:11)
  A hippogriff (D:7)
  10 yaks
  Grum (D:8)
  A wyvern (D:11)
  4 wraiths
  2 two-headed ogre zombies (Orc:1)
  2 wargs (Orc:1)
  A water moccasin (D:8)
  15 orc warriors
  2 black bears
  5 ice beasts
  A phantom (D:4)
  2 sky beasts
  3 hornet zombies
  21 ogres
  2 wolves (D:8)
  2 centaurs
  2 big kobolds
  Blork the orc (D:4)
  7 bullfrogs
  A wyvern zombie (D:12)
  4 scorpions
  A water moccasin skeleton (D:9)
  18 killer bees
  8 wights (D:9)
  7 howler monkeys
  2 bullfrog zombies
  2 centaur zombies (D:12)
  4 jellies
  A gnoll shaman (D:10)
  7 hounds
  10 orc priests
  17 orc wizards
  Jessica (D:3)
  Natasha (twice) (D:3)
  8 worker ants
  A hound skeleton (D:5)
  A worker ant zombie (D:5)
  2 howler monkey zombies
  10 gnolls
  A howler monkey skeleton (D:8)
  11 adders
  A white imp (D:6)
  2 ufetubi
  An ooze (D:1)
  A dart slug (D:1)
  4 leopard geckos
  31 orcs
  A bat (D:2)
  2 giant cockroaches
  A goblin (D:3)
  A hobgoblin (D:2)
  6 iguanas
  A quokka (D:5)
  5 frilled lizards
  A jackal skeleton (D:4)
  12 kobolds
  A quokka skeleton (D:5)
  3 rats
309 creatures vanquished.

Vanquished Creatures (collateral kills)
  Josephine (Orc:1)
  Urug (D:10)
  A wraith (Orc:1)
  A gnoll (D:10)
  2 orcs (Orc:1)
6 creatures vanquished.

Vanquished Creatures (others)
  An orc (D:5)
  A quokka (D:8)
  14 fungi (Orc:2)
16 creatures vanquished.

Grand Total: 331 creatures vanquished

Notes
Turn   | Place    | Note
-------+----------+-------------------------------------------
     0 | D:1      | Flugkiller the Ogre Transmuter began the quest for the Orb.
     0 | D:1      | Reached XP level 1. HP: 19/19 MP: 3/3
    69 | D:1      | Reached XP level 2. HP: 13/28 MP: 3/5
   199 | D:2      | Found a faded altar of an unknown god.
   325 | D:4      | Noticed a scorpion
   347 | D:3      | Reached XP level 3. HP: 22/36 MP: 4/6
   355 | D:3      | Learned a level 3 spell: Spider Form
   425 | D:3      | Noticed Natasha
   434 | D:3      | Killed Natasha
   434 | D:3      | Reached skill level 1 in Poison Magic
   434 | D:3      | Reached XP level 4. HP: 21/44 MP: 2/7
   449 | D:3      | Noticed Natasha
   488 | D:3      | Killed Natasha
   488 | D:3      | Reached XP level 5. HP: 41/53 MP: 3/8
   578 | D:4      | Noticed a phantom
   604 | D:4      | Killed a phantom
   638 | D:4      | HP: 2/54 [hound (2)]
   640 | D:4      | Reached XP level 6. HP: 2/62 MP: 0/9
   856 | D:4      | Noticed Blork the orc
   872 | D:4      | Killed Blork the orc
   877 | D:4      | Noticed Pikel
   902 | D:3      | Noticed Jessica
   907 | D:3      | Killed Jessica
  1007 | D:5      | Entered Level 5 of the Dungeon
  1008 | D:5      | Found a hazy altar of Hepliaklqana.
  1022 | D:5      | Found a stormy altar of Qazlal.
  1162 | D:4      | Found an iron altar of Okawaru.
  1241 | D:4      | Killed Pikel
  1241 | D:4      | Reached skill level 5 in Fighting
  1241 | D:4      | Reached skill level 5 in Unarmed Combat
  1241 | D:4      | Reached XP level 7. HP: 36/72 MP: 7/10
  1299 | D:4      | Reached XP level 8. HP: 45/83 MP: 5/11
  1617 | D:4      | Learned a level 4 spell: Ice Form
  1620 | D:4      | Learned a level 2 spell: Wereblood
  1782 | D:5      | Found a staircase to the Ecumenical Temple.
  1793 | Temple   | Entered the Ecumenical Temple
  1887 | D:5      | Found a shimmering altar of Xom.
  1980 | D:5      | Found a bloodstained altar of Trog.
  2027 | D:5      | Found a basalt altar of Yredelemnul.
  2060 | D:5      | Found an opulent altar of Gozag.
  2175 | D:5      | Reached skill level 5 in Spellcasting
  2273 | Temple   | Became a worshipper of Makhleb the Destroyer
  2486 | D:6      | Reached XP level 9. HP: 89/89 MP: 12/16
  2495 | D:6      | Reached skill level 5 in Transmutations
  2495 | D:6      | Reached skill level 1 in Ice Magic
  2516 | D:6      | Found an ornate altar of the Wu Jian Council.
  2535 | D:6      | Found Atuffaaved's Weapon Shop.
  2902 | D:8      | Noticed Harold
  2902 | D:8      | Noticed Joseph
  2924 | D:8      | Killed Harold
  2932 | D:8      | Killed Joseph
  3002 | D:9      | Found a one-way gate to the infinite horrors of the Abyss.
  3002 | D:9      | Noticed YoungGLord's ghost (novice GrEE)
  3003 | D:9      | Noticed a toenail golem
  3005 | D:9      | Noticed a toenail golem
  3008 | D:9      | Found an ancient bone altar of Kikubaaqudgha.
  3008 | D:9      | Noticed a great orb of eyes
  3010 | D:9      | Noticed a toenail golem
  3024 | D:8      | Learned a level 3 spell: Frozen Ramparts
  3147 | D:6      | Reached * piety under Makhleb
  3180 | D:7      | Reached XP level 10. HP: 61/100 MP: 8/17
  3183 | D:7      | Reached skill level 5 in Ice Magic
  3243 | D:8      | Noticed Psyche
  3253 | D:8      | Killed Psyche
  3266 | D:8      | Found a radiant altar of Vehumet.
  3276 | D:8      | Found a white marble altar of Elyvilon.
  3294 | D:8      | You fall into a shaft and drop 3 floors!
  3324 | D:11     | Noticed a cyclops
  3577 | D:12     | Noticed a gargoyle
  3589 | D:12     | Killed a gargoyle
  3589 | D:12     | Reached skill level 5 in Dodging
  3647 | D:12     | Noticed a cyclops
  3668 | D:12     | Killed a cyclops
  3928 | D:11     | Killed a cyclops
  3941 | D:11     | Reached ** piety under Makhleb
  3974 | D:11     | Noticed a purple ugly thing
  4051 | D:11     | Reached XP level 11. HP: 83/113 MP: 13/18
  4062 | D:11     | Noticed a green ugly thing
  4077 | D:11     | Killed a green ugly thing
  4109 | D:10     | Entered Level 10 of the Dungeon
  4145 | D:9      | Found a transporter.
  4176 | D:8      | Found an opulent altar of Gozag.
  4246 | D:8      | Found a white marble altar of Elyvilon.
  4246 | D:8      | Found a runed translucent door.
  4246 | D:8      | Noticed an angel
  4247 | D:8      | Noticed Grum
  4254 | D:8      | Killed Grum
  4480 | D:7      | Found a blossoming altar of Fedhas.
  4580 | D:7      | Reached skill level 1 in Invocations
  4742 | D:7      | Reached *** piety under Makhleb
  4911 | D:9      | Found a transporter.
  4923 | D:9      | Identified the +10 spear of the Four Spirits {distort, rF+
                  | rN+ Int+4}
  5174 | D:10     | Noticed a two-headed ogre
  5180 | D:10     | Killed a two-headed ogre
  5180 | D:10     | Reached skill level 5 in Invocations
  5238 | D:10     | Found a staircase to the Lair.
  5382 | D:10     | Noticed Urug
  5401 | D:10     | Killed Urug
  5471 | D:10     | HP: 6/138 [gnoll/+0 spear (6)]
  5672 | D:10     | Reached **** piety under Makhleb
  5740 | D:10     | Noticed a skeletal warrior
  5740 | D:10     | Noticed a skeletal warrior
  5740 | D:10     | Noticed a skeletal warrior
  5740 | D:10     | Noticed a skeletal warrior
  5740 | D:10     | Noticed a skeletal warrior
  5775 | D:11     | Killed a skeletal warrior
  5776 | D:11     | Reached XP level 12. HP: 49/123 MP: 5/19
  6061 | D:11     | Noticed a two-headed ogre
  6071 | D:11     | Killed a two-headed ogre
  6078 | D:11     | Learned a level 5 spell: Blade Hands
  6142 | D:12     | Found a staircase to the Orcish Mines.
  6399 | Orc:1    | Entered Level 1 of the Orcish Mines
  6437 | Orc:1    | Noticed Josephine
  6443 | D:12     | Reached skill level 10 in Unarmed Combat
  6506 | Orc:1    | Killed Josephine
  6506 | Orc:1    | Reached skill level 10 in Fighting
  6611 | Orc:1    | Found a large runed translucent door.
  6611 | Orc:1    | Found a large runed translucent door.
  6615 | Orc:1    | Noticed Lavandula's ghost (journeyman HuVM)
  6727 | Orc:1    | Noticed a two-headed ogre
  6728 | Orc:1    | Noticed a two-headed ogre
  6731 | Orc:1    | Noticed a two-headed ogre
  6734 | Orc:1    | Killed a two-headed ogre
  6738 | Orc:1    | Killed a two-headed ogre
  6741 | Orc:1    | Noticed a two-headed ogre
  6749 | Orc:1    | Killed a two-headed ogre
  6751 | Orc:1    | Reached ***** piety under Makhleb
  6755 | Orc:1    | Killed a two-headed ogre
  6757 | Orc:1    | Noticed a two-headed ogre
  6772 | Orc:1    | Killed a two-headed ogre
  6792 | Orc:1    | Reached XP level 13. HP: 85/137 MP: 6/20
  6988 | Orc:2    | Entered Level 2 of the Orcish Mines
  7053 | Orc:2    | Found Ynnor's Book Shoppe.
  7215 | Orc:2    | HP: 4/137 [orc warrior/+1 glaive of freezing (13)]
  7218 | Orc:2    | Slain by an orc warrior

Illustrated notes

Levels and vault maps discovered:
D:1:      sevenhm_arrival_forest_fort_small_5, layout_loops_ring,
          minmay_misc_feat_diagonals
D:2:      layout_basic, chequers_ecumenical_altar_simple_redux, tgw_trog,
          uniq_sigmund, uniq_crazy_yiuf_cottage, uniq_terence
D:3:      layout_basic, uniq_natasha, uniq_jessica
D:4:      layout_gridville, okawaru_gym_becter, nrook_campfire,
          kennysheep_small_spiral, uniq_blork_the_orc, uniq_pikel
D:5:      layout_basic, grunt_qazlal_clouds, kennysheep_little_box,
          grunt_gozag_breadcrumbs, kennysheep_mini, lemuel_crystal_altar,
          nicolae_overflow_hidden_temple, minmay_temple_entry_tees,
          dk_xom_monty_hall
D:6:      layout_basic, kennysheep_mini_moat, serial_shops, shop,
          kennysheep_slug_shrine
D:7:      layout_gridville, fedhas_altar_1
D:8:      layout_rooms, fiery_altar_vehumet, elyvilon_altar_4, basic_altar,
          lemuel_angel_altar, uniq_harold, uniq_joseph, uniq_grum, uniq_psyche
D:9:      nrook_guardian_serpent_snake_passage, layout_irregular_city,
          nicolae_overflow_crystal_walls, gammafunk_ghost_abyssal_escape,
          chei_slow_surprise
D:10:     layout_roguey, lair_entry_dummy, uniq_urug
D:11:     layout_cross, minivault_26, kennysheep_boxes
D:12:     layout_gridville, orc_0_dummy, chequers_serial_rivers_marsh,
          roderic_lattice_a
Temple:   cyrus_temple_forest
Orc:1:    lemuel_ogre_cave, layout_diamond_mine, ebering_ghost_disaster_area,
          uniq_josephine, uniq_maurice
Orc:2:    grunt_orc_gardens, layout_caves, grunt_orc_garden, grunt_orc_garden,
          grunt_orc_garden, grunt_orc_garden

Skill      XL: |  1  2  3  4  5  6  7  8  9 10 11 12 13 |
---------------+----------------------------------------+-----
Fighting       | 2 3 5 6 8 9 11 | 11.6
Unarmed Combat | 3 4 5 6 7 8 9 11 | 11.7
Transmutations | 2 3 4 6 8 9 |  9.0
Poison Magic   | 1 |  1.0
Dodging        | 2 3 4 5 6 7 8 |  8.3
Spellcasting   | 5 |  5.1
Ice Magic      | 4 6 |  6.0
Invocations    | 6 |  6.0

Action                   |  1- 3 |  4- 6 |  7- 9 | 10-12 | 13-15 || total
-------------------------+-------+-------+-------+-------+-------++-------
Melee: Unarmed           |    77 |    91 |   237 |   477 |    63 ||   945
       Kick              |     6 |     6 |     2 |       |       ||    14
       Headbutt          |     4 |     1 |     3 |       |       ||     8
       Punch             |       |       |     1 |       |     1 ||     2
       Giant spiked club |       |       |       |    16 |       ||    16
 Cast: Beastly Appendage |    10 |     3 |     1 |       |       ||    14
       Spider Form       |     1 |     3 |    20 |       |     1 ||    25
       Wereblood         |       |       |     2 |     2 |       ||     4
       Ice Form          |       |       |     2 |    40 |     4 ||    46
       Frozen Ramparts   |       |       |     1 |    18 |     3 ||    22
       Blade Hands       |       |       |       |       |     2 ||     2
Invok: Lesser Servant of |       |       |       |     2 |       ||     2
 Abil: End Transformatio |       |       |       |     5 |     2 ||     7
Evoke: Wand              |       |       |       |     1 |     1 ||     2
  Use: Scroll            |       |     3 |     3 |    13 |       ||    19
       Potion            |       |     2 |       |     6 |     2 ||    10
 Stab: Invisible         |       |     1 |       |       |       ||     1
Armor: Robe              |    24 |    10 |     8 |    15 |       ||    57
       Skin              |       |     2 |    22 |    75 |     5 ||   104
Dodge: Dodged            |    26 |    54 |   229 |   277 |    28 ||   614

Table legend: (Time is in decaauts)
 A = Elapsed time spent in this place.
 B = Non-inter-level travel time spent in this place.
 C = Inter-level travel time spent in this place.
 D = Time resting spent in this place.
 E = Time spent auto-exploring this place.
 F = Levels seen in this place.
 G = Mean time per level.
                   A        B        C        D        E       F      G
               +--------+--------+--------+--------+--------+-----+--------+
         Total |   7565 |   7443 |    122 |      0 |      0 |  15 |  504.3 |
       Dungeon |   6672 |   6613 |     59 |      0 |      0 |  12 |  556.0 |
        Temple |    153 |    153 |      0 |      0 |      0 |   1 |  153.0 |
  Orcish Mines |    739 |    676 |     63 |      0 |      0 |   2 |  369.5 |
               +--------+--------+--------+--------+--------+-----+--------+

Top non-repeatable levels by time:
    D:12: 1271 daAuts
     D:4: 1152 daAuts
     D:6: 609 daAuts
     D:9: 608 daAuts
     D:5: 596 daAuts
   Orc:1: 578 daAuts
     D:7: 544 daAuts
    D:11: 520 daAuts
    D:10: 445 daAuts
     D:8: 369 daAuts
     D:3: 292 daAuts
   Orc:2: 161 daAuts
     D:2: 156 daAuts
  Temple: 153 daAuts
     D:1: 104 daAuts
